 Dungeon Crawl Stone Soup version 0.20-a0-379-gc0b65bf (webtiles) character file.

392 snakesoul the Slasher (level 6, -2/57 HPs)
             Began as a Minotaur Fighter on Dec 28, 2016.
             Killed by nerve-wracking pain
             ... invoked by Grinder
              (12 damage)
             ... while paralysed by Grinder
             ... on level 4 of the Dungeon.
             The game lasted 00:05:10 (2984 turns).

snakesoul the Slasher (Minotaur Fighter)            Turns: 2984, Time: 00:05:11

Health: -2/57      AC:  8    Str: 20    XL:     6   Next: 51%
Magic:  5/5        EV:  2    Int:  5    God:
Gold:   144        SH:  0    Dex: 12    Spells: 5/5 levels left

rFire  . . .     SeeInvis .     a - +0 long sword
rCold  . . .     Gourm    .     b - +0 scale mail
rNeg   . . .     Faith    .     c - +0 shield
rPois  .         Spirit   .     (helmet restricted)
rElec  .         Reflect  .     (no cloak)
rCorr  .         Harm     .     s - +0 pair of gloves (curse)
MR     .....                    (no boots)
Stlth  ..........               (no amulet)
                                (no ring)
                                (no ring)

@: paralysed
A: retaliatory headbutt, horns 2
a: no special abilities


You were on level 4 of the Dungeon.
You were not hungry.

You visited 1 branch of the dungeon, and saw 4 of its levels.
You also visited: Sewer.

You collected 144 gold pieces.

Inventory:

Hand Weapons
 a - a +0 long sword (weapon)
Armour
 b - a +0 scale mail (worn)
 c - a +0 shield (worn)
 s - a cursed +0 pair of gloves (worn)
Wands
 r - a wand of random effects (23/48)
Scrolls
 e - a scroll of enchant armour {unknown}
 h - 2 scrolls of amnesia {unknown}
 k - 3 scrolls of identify {unknown}
 o - a scroll of remove curse {unknown}
 p - 6 scrolls of teleportation {unknown}
 q - a scroll of recharging {unknown}
 t - 2 scrolls of blinking {unknown}
 v - a scroll of immolation {unknown}
Potions
 d - a potion of might
 i - a potion of resistance {unknown}
 j - a potion of heal wounds
 l - 2 potions of invisibility {unknown}
 m - a potion of magic {unknown}
 u - a potion of brilliance {unknown}
 w - 2 potions of curing {unknown}
 x - a potion of ambrosia {unknown}
Comestibles
 f - 3 bread rations
 g - 5 meat rations
 n - 3 chunks of flesh


   Skills:
 + Level 6.0 Fighting
 * Level 6.9 Long Blades
 - Level 3.6 Armour
 - Level 3.6 Shields


You had 5 spell levels left.
You didn't know any spells.

Dungeon Overview and Level Annotations

Branches:
Dungeon (4/15)
 Temple: D:4-7

Altars:
Xom
Yredelemnul

Annotations:
D:4 Grinder


Innate Abilities, Weirdness & Mutations

You reflexively headbutt those who attack you in melee.
You have a pair of horns on your head.


Message History

You hit Grinder. Your headbutt misses Grinder.
Grinder is severely wounded.
Grinder says, "You look like you could use a good racking."
Grinder gestures at you. Pain shoots through your body!
Grinder blinks!
You are too injured to fight recklessly!
You are too injured to fight recklessly!
You are too injured to fight recklessly!
Grinder gestures at you.
You suddenly lose the ability to move!
Grinder hits you.
You writhe in agony.
* * * LOW HITPOINT WARNING * * *
Grinder gestures at you.
You barely resist. Grinder gestures at you. Pain shoots through your body!
* * * LOW HITPOINT WARNING * * *
Grinder gestures at you. Pain shoots through your body!
You die...

♣♣♣♣♣♣...........
#................
#................
#................
#.....############
#.....#...........
#.....#...........
#.....#...........
#.....'...@5......
#.....####+#####..
##+#... #... #....
#.... #..... #..


You could see Grinder.

Vanquished Creatures
  4 orc priests (D:3)
  2 orc wizards (D:3)
  9 adders
  2 river rats (Sewer)
  An ooze (D:3)
  2 worms
  A dart slug (D:2)
  5 leopard geckos
  3 orcs (D:3)
  8 ball pythons
  14 giant cockroaches
  7 goblins
  8 hobgoblins
  4 jackals
  A quokka (D:3)
  8 bats
  9 frilled lizards
  11 kobolds
  7 rats
106 creatures vanquished.

Notes
Turn   | Place    | Note
-------+----------+-------------------------------------------
     0 | D:1      | snakesoul the Minotaur Fighter began the quest for the Orb.
     0 | D:1      | Reached XP level 1. HP: 19/19 MP: 0/0
   117 | D:1      | You fall through a shaft!
   120 | D:2      | Reached XP level 2. HP: 27/27 MP: 1/1
   345 | D:1      | Reached XP level 3. HP: 25/33 MP: 2/2
   719 | D:2      | Found a shimmering altar of Xom.
   963 | D:2      | Reached XP level 4. HP: 40/41 MP: 3/3
  1391 | D:3      | Reached skill level 5 in Long Blades
  1399 | D:3      | Reached skill level 5 in Fighting
  1549 | D:3      | Found a glowing drain.
  1576 | Sewer    | Entered a sewer
  1632 | Sewer    | Reached XP level 5. HP: 45/48 MP: 4/4
  2128 | D:3      | Found a basalt altar of Yredelemnul.
  2309 | D:3      | HP: 2/48 [orc priest/divine providence (12)]
  2317 | D:3      | Reached XP level 6. HP: 15/57 MP: 5/5
  2966 | D:4      | Noticed Grinder
  2979 | D:4      | Paralysed by Grinder for 6 turns
  2984 | D:4      | Killed from afar by Grinder

Vault maps used:
D:1:      minmay_arrival_stone_box
D:2:      xom_teletrap_fun, minmay_misc_feat_columns
D:3:      minmay_roachtagon, yredelemnul_altar_generic, portal_sewer_entry_a
D:4:      serial_forest, infiniplex_forest_straight_5,
          infiniplex_forest_zigzag_2, infiniplex_forest_lined_2,
          infiniplex_forest_lined_room_2, infiniplex_forest_clump_double,
          serial_bayou_crossing, uniq_grinder
Sewer:    sewer_co_cracked_pipes

Skill      XL: |  1  2  3  4  5  6 |
---------------+-------------------+-----
Long Blades    | 3 4 5 6 |  6.9
Fighting       | 4 5 6 |  6.0
Armour         | |  3.6
Shields        | |  3.6

Action                   |  1- 3 |  4- 6 || total
-------------------------+-------+-------++-------
Melee: Long sword        |    92 |   182 ||   274
       Headbutt          |    17 |    31 ||    48
  Use: Potion            |       |     2 ||     2
  Eat: Chunk             |       |     7 ||     7
Armor: Scale mail        |    42 |    80 ||   122
Dodge: Dodged            |    19 |    63 ||    82
Block: Shield            |    46 |    86 ||   132
       Rpst.: Long sword |     5 |    16 ||    21
